 Dungeon Crawl Stone Soup version 0.27.1-16-g815e20cd7a (webtiles) character file.

Game seed: 17626243848353460127

56499 zeram the Severer (level 14, 0/116 HPs)
             Began as a Hill Orc Fighter on Nov 22, 2021.
             Was a High Priest of Qazlal.
             Slain by a naga warrior (25 damage)
             ... on level 2 of the Snake Pit.
             The game lasted 00:41:24 (24078 turns).

zeram the Severer (Hill Orc Fighter)               Turns: 24078, Time: 00:41:25

Health: 0/116      AC: 25    Str: 23    XL:     14   Next: 82%
Magic:  14/14      EV: 13    Int:  9    God:    Qazlal [*****.]
Gold:   2091       SH: 21    Dex: 10    Spells: 13/13 levels left

rFire    + + .     SeeInvis .   A - +10 lance "Wyrmbane" {slay drac, rPois rF+ rC+ AC+3}
rCold    + . .     Faith    .   c - +1 kite shield
rNeg     . . .     Spirit   .   B - +0 plate armour {rF+}
rPois    +         Reflect  .   i - +0 helmet
rElec    .         Harm     .   (no cloak)
rCorr    +         Rampage  .   G - +0 pair of gloves
Will     +....                  w - +1 pair of boots {Stlth+}
Stlth    ..........             (no amulet)
HPRegen  0.29/turn              o - +4 ring of evasion
MPRegen  0.14/turn              D - ring of resist corrosion

@: repel missiles
A: subdued magic 1, MP-powered wands
a: Renounce Religion, Upheaval, Elemental Force, Disaster Area


You were on level 2 of the Snake Pit.
You worshipped Qazlal.
Qazlal was extremely pleased with you.
You visited 4 branches of the dungeon, and saw 17 of its levels.
You also visited: Volcano.

You collected 2091 gold pieces.

Inventory:

Hand Weapons
 a - a +2 war axe of flaming
 l - a +0 battleaxe of flaming
 A - the +10 lance "Wyrmbane" (weapon) {slay drac, rPois rF+ rC+ AC+3}
   (You found it on level 1 of the Lair of Beasts)

   It inflicts extra damage against dragons and draconians.
   AC:        It affects your AC (+3).
   rF:        It protects you from fire.
   rC:        It protects you from cold.
   rPois:     It protects you from poison.
Missiles
 n - 510 stones (quivered)
Armour
 b - a +0 scale mail
 c - a +1 kite shield (worn)
 f - a +0 plate armour
 i - a +0 helmet (worn)
 v - a +1 pair of boots
 w - a +1 pair of boots of stealth (worn)
 x - a +0 troll leather armour
 B - a +0 plate armour of fire resistance (worn)
 G - a +0 pair of gloves (worn)
Jewellery
 e - a +6 ring of dexterity
 g - a ring of flight
 h - a +4 ring of protection
 o - a +4 ring of evasion (left hand)
 r - a ring of wizardry
 y - a ring of see invisible
 D - a ring of resist corrosion (right hand)
Wands
 d - a wand of paralysis (10)
 p - a wand of flame (28)
 s - a wand of digging (7)
 u - a wand of acid (10)
 C - a wand of iceblast (29)
Scrolls
 q - 3 scrolls of teleportation
 z - 5 scrolls of identify
 E - a scroll of holy word
 F - 2 scrolls of magic mapping
 I - a scroll of amnesia
 J - a scroll of enchant armour
 K - a scroll of fear
Potions
 j - 3 potions of degeneration
 k - 3 potions of cancellation
 m - a potion of attraction
 H - 2 potions of magic
 L - a potion of resistance
 M - a potion of heal wounds {unknown}
 N - 3 potions of curing
Miscellaneous
 t - a piece from Xom's chessboard (15/15)


   Skills:
 + Level 8.8 Fighting
 - Level 16.2 Axes
 + Level 0.3 Throwing
 + Level 14.8 Armour
 + Level 4.1 Dodging
 + Level 16.1 Shields


You had 13 spell levels left.
You didn't know any spells.
Your spell library contained the following spells:

 Spells                   Type           Power      Damage    Failure   Level
 Animate Skeleton         Necr           0%         N/A       97%         1
 Apportation              Tloc           0%         N/A       97%         1
 Corona                   Hex            0%         N/A       97%         1
 Foxfire                  Conj/Fire      0%         2x1d4     97%         1
 Shock                    Conj/Air       0%         1d3       97%         1
 Summon Small Mammal      Summ           0%         N/A       97%         1
 Passwall                 Tmut/Erth      0%         N/A       99%         2
 Static Discharge         Conj/Air       0%         N/A       99%         2
 Conjure Flame            Conj/Fire      0%         6-21      100%        3
 Dazzling Flash           Conj/Hex       0%         N/A       100%        3
 Gell's Gravitas          Tloc           0%         N/A       100%        3
 Ignite Poison            Fire/Tmut/Pois 0%         N/A       100%        3
 Inner Flame              Hex/Fire       0%         N/A       100%        3
 Lesser Beckoning         Tloc           0%         N/A       100%        3
 Swiftness                Air            0%         N/A       100%        3
 Teleport Other           Tloc           0%         N/A       100%        3
 Airstrike                Air            0%         N/A       100%        4
 Dispel Undead            Necr           0%         3d6       100%        4
 Fulminant Prism          Conj/Hex       0%         3d6       100%        4
 Iskenderun's Mystic Bla  Conj/Tloc      0%         2d3       100%        4
 Passage of Golubria      Tloc           N/A        N/A       100%        4
 Sticky Flame             Conj/Fire      0%         2d3       100%        4
 Lee's Rapid Deconstruct  Erth           0%         3d5*      100%        5
 Silence                  Hex/Air        0%         N/A       100%        5
 Invisibility             Hex            0%         N/A       100%        6
 Starburst                Conj/Fire      0%         6d3       100%        6
 Lehudib's Crystal Spear  Conj/Erth      0%         10d2      100%        8


Dungeon Overview and Level Annotations

Branches:
Dungeon (8/15)             Temple (1/1) D:7            Lair (6/6) D:8
 Shoals (0/4) Lair:3        Snake (2/4) Lair:2        Slime (0/5) Lair:5
Volcano (visited)

Altars:
Cheibriados
Dithmenos
Elyvilon
Fedhas
Kikubaaqudgha
Makhleb
Nemelex Xobeh
Qazlal
Ru
Sif Muna
Trog
Wu Jian
Zin

Shops:
D:7 =


Innate Abilities, Weirdness & Mutations

Your spells are a little easier to cast, but a little less powerful.
You expend magic power (3 MP) to strengthen your wands.


Message History

You hit the naga warrior but do no damage.
The naga warrior is heavily wounded.
You feel sick.
Reach: A) +10 lance "Wyrmbane" {slay drac, rPois rF+ rC+ AC+3}
Press: ? - help, Dir - move target, f/p - naga warrior
Aim: a naga warrior, wielding a +0 mace and wearing a +1 robe of fire resistance (heavily wounded, about 26% to evade the +10 lance "Wyrmbane")
You puncture the naga warrior!
The naga warrior is severely wounded.
You feel sick.
Reach: A) +10 lance "Wyrmbane" {slay drac, rPois rF+ rC+ AC+3}
Press: ? - help, Dir - move target, f/p - naga warrior
Aim: a naga warrior, wielding a +0 mace and wearing a +1 robe of fire resistance (severely wounded, about 26% to evade the +10 lance "Wyrmbane")
You puncture the naga warrior!
The naga warrior is severely wounded.
The naga warrior hits you but does no damage.
You block the naga warrior's attack.
Unknown command.
Reach: A) +10 lance "Wyrmbane" {slay drac, rPois rF+ rC+ AC+3}
Press: ? - help, Dir - move target, f/p - naga warrior
Aim: a naga warrior, wielding a +0 mace and wearing a +1 robe of fire resistance (severely wounded, about 26% to evade the +10 lance "Wyrmbane")
You hit the naga warrior.
The naga warrior is severely wounded.
You feel sick.
Reach: A) +10 lance "Wyrmbane" {slay drac, rPois rF+ rC+ AC+3}
Press: ? - help, Dir - move target, f/p - naga warrior
Aim: a naga warrior, wielding a +0 mace and wearing a +1 robe of fire resistance (thunder, severely wounded, about 26% to evade the +10 lance "Wyrmbane")
You puncture the naga warrior!
The naga warrior is almost dead.
You feel sick.
You are no longer poisoned.
You block the naga warrior's attack. The naga warrior spits poison at you.
The splash of poison is repelled.
Reach: A) +10 lance "Wyrmbane" {slay drac, rPois rF+ rC+ AC+3}
Press: ? - help, Dir - move target, f/p - naga warrior
Aim: a naga warrior, wielding a +0 mace and wearing a +1 robe of fire resistance (thunder, almost dead, catching its breath, about 26% to evade the +10 lance "Wyrmbane")
You closely miss the naga warrior.
The naga warrior is almost dead.
The naga warrior hits you from afar with a +0 glaive!!
You die...

#..###
##....#####
##..##.....##
#..####.....#
#.## #..##.#
### #..# .##
#N.# .##
######.N###°..#
....../.#@...#
##.....NN..###
###...##.○.#
##.###......#
#.. ##...###
.... ..## ####.
... ..## ##


You could see 2 naga warriors.

Vanquished Creatures
  A fire dragon (Lair:6)
  Josephine (Lair:6)
  3 naga warriors
  A boulder beetle (Lair:6)
  6 hydras
  5 anacondas
  A centaur warrior (Volcano)
  2 naga sharpshooters (Snake:1)
  A hell knight (Volcano)
  2 fire crabs (Lair:5)
  A lindwurm (Lair:6)
  A naga ritualist (Snake:1)
  4 mana vipers
  2 oklob plants (Lair:5)
  A salamander (Snake:2)
  2 guardian serpents (Snake:2)
  2 molten gargoyles (Lair:6)
  17 black mambas
  2 naga magi (Snake:1)
  8 cane toads
  8 rime drakes
  15 komodo dragons
  3 yaktaurs (Volcano)
  2 trolls (D:8)
  A polar bear (Lair:3)
  12 blink frogs
  A snapping turtle (Lair:3)
  5 wraiths (Lair:6)
  3 wyverns (Lair:6)
  2 fire elementals (Lair:5)
  A fire bat (Lair:5)
  36 yaks
  10 basilisks
  4 steam dragons
  13 nagas
  4 hell hounds (Lair:6)
  14 water moccasins
  4 orc warriors
  3 ice beasts
  3 black bears
  4 necrophages
  2 sky beasts
  24 wolves
  3 ogres
  5 centaurs
  A phantom (D:5)
  A kobold brigand (D:6)
  10 bullfrogs
  3 scorpions
  A gnoll sergeant (D:7)
  2 wights (D:8)
  A killer bee (D:8)
  2 howler monkeys (D:8)
  5 lava snakes (Lair:6)
  A bullfrog zombie (D:5)
  5 hounds
  A bullfrog skeleton (D:4)
  2 gnoll shamans
  An orc priest (D:6)
  A centaur skeleton (D:7)
  3 iguanas
  8 orc wizards
  7 hell rats (Lair:5)
  A hound skeleton (D:4)
  5 adders
  6 gnolls (D:7)
  2 adder skeletons
  2 dart slugs
  24 orcs
  8 ball pythons
  9 bats
  4 endoplasms
  3 giant cockroaches
  8 goblins
  8 hobgoblins
  4 jackals (D:4)
  13 kobolds
  4 quokkas
  2 frilled lizards (D:3)
  6 rats
409 creatures vanquished.

Vanquished Creatures (collateral kills)
  2 oklob plants (Lair:5)
2 creatures vanquished.

Vanquished Creatures (others)
  A centaur (Volcano)
  An orc (D:7)
  43 fungi
  48 plants
93 creatures vanquished.

Grand Total: 504 creatures vanquished

Notes
Turn   | Place    | Note
-------+----------+-------------------------------------------
     0 | D:1      | zeram the Hill Orc Fighter began the quest for the Orb.
     0 | D:1      | Reached XP level 1. HP: 19/19 MP: 1/1
   236 | D:1      | Reached XP level 2. HP: 6/26 MP: 2/2
   931 | D:1      | Reached XP level 3. HP: 26/31 MP: 3/3
  1600 | D:2      | Found a snail-covered altar of Cheibriados.
  1955 | D:3      | Reached XP level 4. HP: 39/39 MP: 4/4
  2306 | D:4      | Noticed an ice beast
  2309 | D:4      | Noticed a necrophage
  2320 | D:3      | HP: 1/39 [ice beast (12)]
  2322 | D:3      | Killed an ice beast
  2323 | D:3      | Reached skill level 5 in Axes
  2323 | D:3      | Reached skill level 1 in Dodging
  2323 | D:3      | Reached XP level 5. HP: 1/45 MP: 5/5
  2633 | D:3      | Killed a necrophage
  2634 | D:3      | Reached XP level 6. HP: 26/51 MP: 6/6
  3364 | D:4      | Reached XP level 7. HP: 56/57 MP: 7/7
  3381 | D:4      | Reached skill level 5 in Armour
  3681 | D:5      | Entered Level 5 of the Dungeon
  3692 | D:5      | Reached skill level 5 in Shields
  4036 | D:5      | Reached XP level 8. HP: 39/64 MP: 8/8
  4580 | D:6      | Found a white marble altar of Elyvilon.
  4652 | D:6      | Reached skill level 10 in Axes
  4838 | D:6      | Reached XP level 9. HP: 57/70 MP: 9/9
  5341 | D:7      | Found Pizoy's Jewellery Shoppe.
  6403 | D:7      | Found a staircase to the Ecumenical Temple.
  6494 | D:7      | Reached XP level 10. HP: 57/77 MP: 10/10
  6670 | Temple   | Entered the Ecumenical Temple
  7574 | D:8      | Found a stormy altar of Qazlal.
  7574 | D:8      | Found an ancient bone altar of Kikubaaqudgha.
  7610 | D:8      | Became a worshipper of Qazlal Stormbringer
  8835 | D:8      | Found a staircase to the Lair.
  8947 | Lair:1   | Entered Level 1 of the Lair of Beasts
  9037 | Lair:1   | Reached * piety under Qazlal
  9308 | Lair:1   | Reached XP level 11. HP: 52/82 MP: 11/11
  9328 | Lair:1   | Gained mutation: Your spells are a little easier to cast,
                  | but a little less powerful. [potion of mutation]
  9328 | Lair:1   | Gained mutation: You expend magic power (3 MP) to
                  | strengthen your wands. [potion of mutation]
  9629 | Lair:1   | You fall into a shaft and drop 1 floor!
  9852 | Lair:1   | Found the +8 lance "Wyrmbane" {slay drac, rPois rF+ rC+
                  | AC+3}
 10064 | Lair:1   | Identified a scroll of acquirement
 10064 | Lair:1   | Acquired 905 gold pieces
 10660 | Lair:2   | Reached skill level 10 in Armour
 10673 | Lair:2   | Reached skill level 15 in Axes
 11606 | Lair:2   | Found a staircase to the Snake Pit.
 11805 | Lair:3   | Reached skill level 10 in Shields
 12140 | Lair:3   | Reached XP level 12. HP: 71/90 MP: 12/12
 12224 | Lair:3   | Noticed an eight-headed hydra
 12230 | Lair:3   | Reached ** piety under Qazlal
 12780 | Lair:3   | Killed an eight-headed hydra
 12880 | Lair:3   | Found a staircase to the Shoals.
 13369 | Lair:4   | Found a dark tunnel.
 13420 | Volcano  | Entered a volcano
 13436 | Volcano  | Noticed a centaur warrior
 13459 | Volcano  | Found a burning altar of Makhleb.
 13579 | Volcano  | Noticed a hell knight
 13617 | Volcano  | Killed a hell knight
 13918 | Volcano  | Killed a centaur warrior
 14243 | Lair:4   | Noticed a four-headed hydra
 14253 | Lair:4   | Killed a four-headed hydra
 15527 | Lair:5   | Reached XP level 13. HP: 50/96 MP: 13/13
 15737 | Lair:5   | Reached *** piety under Qazlal
 16117 | Lair:5   | Found a staircase to the Slime Pits.
 16525 | Lair:5   | Found a transporter.
 16633 | Lair:5   | Found a transporter.
 16793 | Lair:5   | Reached skill level 5 in Fighting
 17135 | Lair:6   | Entered Level 6 of the Lair of Beasts
 18059 | Lair:6   | Reached **** piety under Qazlal
 19040 | Lair:6   | Noticed Josephine
 19041 | Lair:6   | Found a large runed translucent door.
 19041 | Lair:6   | Found a large runed translucent door.
 19041 | Lair:6   | Noticed a fire dragon
 19634 | Lair:6   | Reached XP level 14. HP: 110/113 MP: 14/14
 20383 | Lair:6   | Killed Josephine
 20944 | Lair:5   | Reached skill level 15 in Shields
 21173 | Snake:1  | Entered Level 1 of the Snake Pit
 23242 | Snake:2  | Reached ***** piety under Qazlal
 24078 | Snake:2  | Slain by a naga warrior

Illustrated notes

Levels and vault maps discovered:
D:1:      dpeg_arrival_houses_and_road, layout_basic,
          chequers_serial_rivers_micro_c, minmay_pentomino_o4
D:2:      minmay_chambers_of_ones, layout_rooms, basic_altar
D:3:      layout_rooms
D:4:      layout_cave_pools
D:5:      layout_basic
D:6:      layout_rooms, elyvilon_altar_3
D:7:      layout_cave_pools, worldfamousw_hep_ancestral_shrine,
          mainiacjoe_overflow_tiny_flanked, minmay_temple_entry_sparse_star,
          serial_shops, nicolae_stop_n_shop_2, nicolae_lava_and_water
D:8:      layout_loops_cross, mainiacjoe_overflow_divided_tiny,
          grunt_lair_entry_orc_guard_hut, hangedman_minor_gate_pass
Temple:   jpeg_temple_alley_garden
Lair:1:   layout_regular_city, grunt_megastairs_5
Lair:2:   layout_misc_corridors, minmay_snake_entry_guardpost_small,
          beast_lair_carwin_5
Lair:3:   beast_lair_carwin_large_2, layout_chaotic_city,
          minmay_shoals_entry_hut, grunt_megastairs_4
Lair:4:   layout_cave_pods, nicolae_volcano_entry_two_sided
Lair:5:   gammafunk_cloud_chamber, layout_misc_corridors,
          minmay_slime_entry_oklob_open, kennysheep_basilisk_garden,
          grunt_megastairs_1, minmay_lair_oklob_chamber
Lair:6:   cheibrodos_lair_end_hotspot, layout_layer_cave, uniq_josephine
Snake:1:  layout_layer_cave, corexii_hall_statues_deadend, drop_trap
Snake:2:  layout_layer_cave, uniq_donald

Skill      XL: |  1  2  3  4  5  6  7  8  9 10 11 12 13 14 |
---------------+-------------------------------------------+-----
Axes           | 3 4 5 6 8 10 12 14 16 | 16.2
Armour         | 4 5 6 8 9 10 12 14 | 14.8
Dodging        | 1 2 3 4 |  4.1
Shields        | 4 5 6 7 8 10 12 14 16 | 16.1
Fighting       | 7 8 |  8.8
Throwing       | |  0.3

Action                   |  1- 3 |  4- 6 |  7- 9 | 10-12 | 13-15 || total
-------------------------+-------+-------+-------+-------+-------++-------
Melee: War axe           |   122 |   112 |   209 |   371 |    18 ||   832
       Lance             |       |       |       |   293 |   886 ||  1179
Throw: Stone             |       |       |     1 |     9 |       ||    10
Evoke: Wand              |       |       |       |     6 |       ||     6
  Use: Potion            |       |     1 |     1 |    10 |     4 ||    16
       Scroll            |       |    10 |     9 |     5 |     6 ||    30
 Stab: Invisible         |       |       |     1 |       |       ||     1
Armor: Scale mail        |    67 |    37 |    49 |       |       ||   153
       Plate armour      |       |       |     9 |   180 |   264 ||   453
       Skin              |       |       |       |     2 |       ||     2
Dodge: Dodged            |    52 |    67 |    99 |   234 |   210 ||   662
       Repelled          |       |       |       |       |    10 ||    10
Block: Kite shield       |    81 |    63 |   126 |   463 |   564 ||  1297
